 Dungeon Crawl Stone Soup version 0.31.0-12-g77e489cdc1 (webtiles) character file.

Game seed: 10383201728477661920

29 dsb3zz the Firebug (level 3, 0/31 HPs)
             Began as an Oni Fire Elementalist on Mar 1, 2024.
             Slain by Terence
             ... wielding a +0 trident
              (9 damage)
             ... on level 2 of the Dungeon.
             The game lasted 00:05:43 (825 turns).

dsb3zz the Firebug (Oni Fire Elementalist)           Turns: 825, Time: 00:05:46

Health: 0/31       AC:  3    Str: 12    XL:     3   Next: 16%
Magic:  3/7        EV:  9    Int: 18    God:
Gold:   14         SH:  0    Dex:  9    Spells: 6/7 levels left

rFire   . . .        e - +1 short sword (elec)
rCold   . . .        (no shield)
rNeg    . . .        a - +0 robe
rPois   .            (helmet restricted)
rElec   .            (no cloak)
rCorr   .            (gloves unavailable)
SInv    .            (boots unavailable)
Will    .....        (no amulet)
Stlth   +            (no ring)
HPRegen 0.25/turn    (no ring)
MPRegen 0.10/turn

%: no passive effects
@: no status effects
A: large, unfitting armour, horns 1, tough skin 1, double potion healing,
drunken brawling
a: no special abilities


You were on level 2 of the Dungeon.
You visited 1 branch of the dungeon, and saw 2 of its levels.

You collected 14 gold pieces.

Inventory:

Hand Weapons
 e - a +1 short sword of electrocution (weapon)
Missiles
 c - 3 boomerangs
Armour
 a - a +0 robe (worn)
Scrolls
 d - a scroll of identify {unknown}
 g - a scroll of teleportation {unknown}
Potions
 b - a potion of magic
 f - a potion of curing {unknown}


   Skills:
 + Level 1.9 Dodging
 + Level 1.5 Stealth
 + Level 2.8 Spellcasting
 + Level 1.2 Conjurations
 + Level 3.3 Fire Magic


You had 6 spell levels left.
You knew the following spells:

 Your Spells              Type           Power      Damage    Failure   Level
a - Foxfire               Conj/Fire      40%        2x1d6     7%          1

Your spell library contained the following spells:

 Spells                   Type           Power      Damage    Failure   Level
 Scorch                   Fire           28%        2d6       6%          2
 Inner Flame              Hex/Fire       8%         N/A       26%         3
 Volatile Blastmotes      Fire/Tloc      16%        2d11      26%         3
 Flame Wave               Conj/Fire      10%        2d6       54%         4


Dungeon Overview and Level Annotations

Branches:
Dungeon (2/15)

Altars:

Annotations:
D:2 Terence


Innate Abilities, Weirdness & Mutations

You are too large for most types of armour.
You have a pair of small horns on your head.
You have tough skin. (AC +1)
You gain doubled healing and magic from potions.
Whenever you drink a healing potion, you attack all around you.


Message History

Terence hits you from afar with a +0 trident!
The foxfire hits Terence but does no damage.
Terence is moderately wounded.
The foxfire hits Terence but does no damage.
Terence is moderately wounded.
Casting: Foxfire (safe; 7% risk of failure)
Confirm with . or Enter, or press ? or * to list all spells.
You conjure some foxfire!
The bat hits you.
Terence hits you from afar with a +0 trident.
The foxfire hits the bat.
The bat is moderately wounded.
The foxfire hits Terence but does no damage.
Terence is moderately wounded.
The bat hits you but does no damage.
Casting: Foxfire (safe; 7% risk of failure)
Confirm with . or Enter, or press ? or * to list all spells.
You don't know that spell.
The bat closely misses you.
Casting: Foxfire (safe; 7% risk of failure)
Confirm with . or Enter, or press ? or * to list all spells.
You don't know that spell.
Casting: Foxfire (safe; 7% risk of failure)
Confirm with . or Enter, or press ? or * to list all spells.
You conjure some foxfire!
The bat closely misses you.
Your foxfire dissipates!
The foxfire hits Terence but does no damage.
Terence is lightly wounded.
Terence says, "You're history."
Casting: Foxfire (safe; 7% risk of failure)
Confirm with . or Enter, or press ? or * to list all spells.
You conjure some foxfire!
The bat barely misses you.
Terence hits you from afar with a +0 trident!
* * * LOW HITPOINT WARNING * * *
Your foxfire dissipates!
The foxfire hits Terence but does no damage.
Terence is lightly wounded.
The bat hits you but does no damage. Terence attacks as he pursues you!
Terence hits you from afar with a +0 trident!
You die...
Terence says, "Rest in peace."

..................
.....#..........#
....#.#.......#
......<......#
#.........#
#......<..#
#..@...$..#
#..b......#
#.@.......#
#.........#
###########


You could see Terence and a bat.

Vanquished Creatures
  2 dart slugs (D:1)
  3 ball pythons (D:1)
  A bat (D:1)
  2 endoplasms (D:1)
  A giant cockroach (D:1)
  A goblin (D:1)
  3 hobgoblins
  A kobold (D:1)
  4 quokkas (D:1)
  A frilled lizard (D:1)
  3 rats (D:1)
22 creatures vanquished.

Vanquished Creatures (collateral kills)
  2 foxfires (D:1)
2 creatures vanquished.

Vanquished Creatures (others)
  62 foxfires
62 creatures vanquished.

Grand Total: 86 creatures vanquished

Notes
Turn   | Place    | Note
-------+----------+-------------------------------------------
     0 | D:1      | dsb3zz the Oni Fire Elementalist began the quest for the
                  | Orb.
     0 | D:1      | Reached XP level 1. HP: 16/16 MP: 3/3
   144 | D:1      | Reached skill level 3 in Fire Magic
   154 | D:1      | Reached XP level 2. HP: 24/24 MP: 0/5
   216 | D:1      | Reached skill level 1 in Conjurations
   511 | D:1      | Reached XP level 3. HP: 31/31 MP: 5/7
   814 | D:2      | Noticed Terence
   825 | D:2      | Slain by Terence

Illustrated notes

Levels and vault maps discovered:
D:1:      tarquinn_simple_flora_water_e, layout_rooms
D:2:      layout_rooms, basic_altar, minmay_box_of_dots, uniq_terence

Skill      XL: |  1  2 |
---------------+-------+-----
Fire Magic     | 3 |  3.3
Conjurations   | 1 |  1.2
Dodging        | |  1.9
Stealth        | |  1.5
Spellcasting   | |  2.8

Action                     || total
---------------------------++-------
   Cast: Foxfire           ||    35
 Armour: Robe              ||    13
  Dodge: Dodged            ||     4
